 Dungeon Crawl Stone Soup version 0.20.0-15-g7f486f2 (console) character file.

57 uvhash the Stinger (level 3, -8/24 HPs)
             Began as a Demonspawn Venom Mage on June 22, 2017.
             Was an Initiate of Makhleb.
             Killed from afar by an orc wizard (12 damage)
             ... with a puff of frost
             ... on level 3 of the Dungeon.
             The game lasted 00:02:46 (1225 turns).

uvhash the Stinger (Demonspawn Venom Mage)          Turns: 1225, Time: 00:02:47

Health: -8/24      AC:  2    Str: 13    XL:     3   Next: 73%
Magic:  2/6        EV: 12    Int: 17    God:    Makhleb [......]
Gold:   86         SH:  0    Dex: 13    Spells: 5/6 levels left

rFire    . . .     SeeInvis .   k - +4 dagger
rCold    . . .     Gourm    .   (no shield)
rNeg     . . .     Faith    .   m - +0 robe (curse)
rPois    .         Spirit   .   (no helmet)
rElec    .         Reflect  .   (no cloak)
rCorr    .         Harm     .   (no gloves)
MR       .....                  (no boots)
Stlth    ++........             (no amulet)
Regen    0.1/turn               o - +5 ring of strength
MPRegen  0.1/turn               (no ring)

@: no status effects
A: talons 1, powered by pain 1
a: Renounce Religion


You were on level 3 of the Dungeon.
You worshipped Makhleb.
Makhleb was noncommittal.
You were not hungry.

You visited 1 branch of the dungeon, and saw 3 of its levels.

You collected 86 gold pieces.

Inventory:

Hand Weapons
 i - a +0 club
 k - a +4 dagger (weapon)
 n - a +0 whip
Missiles
 d - 17 sling bullets
Armour
 a - a +0 robe
 m - a cursed +0 robe (worn)
 r - a +0 buckler
Jewellery
 o - a +5 ring of strength (left hand)
Scrolls
 g - a scroll of identify {unknown}
 t - a scroll of teleportation {unknown}
 w - a scroll of magic mapping {unknown}
Potions
 e - 5 potions of curing {unknown}
 h - 3 potions of mutation {unknown}
 j - 2 potions of agility {unknown}
 l - a potion of cancellation {unknown}
 p - a potion of brilliance {unknown}
 q - a potion of heal wounds {unknown}
 s - a potion of might {unknown}
 u - a potion of flight {unknown}
Books
 b - a Young Poisoner's Handbook

   Spells                             Type                      Level
   a - Sting                          Conjuration/Poison           1
   b - Poisonous Vapours              Poison/Air                   2
   c - Mephitic Cloud                 Conjuration/Poison/Air       3
   d - Olgreb's Toxic Radiance        Poison                       4
   e - Venom Bolt                     Conjuration/Poison           5
Comestibles
 c - a bread ration
 f - 2 meat rations
 v - a chunk of flesh


   Skills:
 + Level 2.2 Dodging
 + Level 2.5 Stealth
 - Level 2.0 Spellcasting
 - Level 1.0 Conjurations
 * Level 4.0 Poison Magic


You had 5 spell levels left.
You knew the following spells:

 Your Spells              Type           Power        Failure   Level  Hunger
a - Sting                 Conj/Pois      ##..         7%          1    #......


Dungeon Overview and Level Annotations

Branches:
Dungeon (3/15)

Altars:
Makhleb


Innate Abilities, Weirdness & Mutations

You have sharp toenails.
You sometimes gain a little power by taking damage.


Message History

The orc wizard is lightly wounded.
The orc wizard hits you with a dagger.
Casting: Sting
Confirm with . or Enter, or press ? or * to list all spells.
Aiming: Sting
Press: ? - help, Shift-Dir - straight line, f/p - orc wizard
Aim: an orc wizard, wielding a dagger and wearing a robe (moderately wounded, fast, poisoned)
The sting misses the orc wizard.
The orc wizard barely misses you. The orc wizard hits you with a dagger.
* * * LOW HITPOINT WARNING * * *
You barely miss the orc wizard. Your kick misses the orc wizard.
The orc wizard is moderately wounded.
The orc wizard barely misses you.
You hit the orc wizard.
The orc wizard is heavily wounded.
The orc wizard hits you but does no damage.
The orc wizard points at you and mumbles some strange words.
The puff of frost hits you!
Ouch! That really hurt!
You die...

#.##.#### ####"......#
...........####
#...........#...
##.##o##.###.#..#
#.......#...<#..#
#..##.##r##..#..# #.
...##o##..#..#
#..#####@##.....#
#...............#########
........#.#...............
# ...##.........########..
........#....## #.#
............#########.#
..##.###............>.#
............###..#.####
#.#########.# #..#....#


You could see an orc wizard and a rat.

Vanquished Creatures
  2 adders
  A leopard gecko (D:3)
  4 orcs (D:3)
  4 bats (D:1)
  3 giant cockroaches
  3 hobgoblins
  2 jackals (D:3)
  A kobold (D:1)
  5 frilled lizards
  5 goblins
  2 rats (D:1)
32 creatures vanquished.

Notes
Turn   | Place    | Note
-------+----------+-------------------------------------------
     0 | D:1      | uvhash the Demonspawn Venom Mage began the quest for the Orb.
     0 | D:1      | Reached XP level 1. HP: 13/13 MP: 3/3
   397 | D:1      | Gained mutation: You sometimes gain a little power by taking damage. [demonic ancestry]
   397 | D:1      | Reached XP level 2. HP: 18/19 MP: 1/5
   763 | D:2      | Found a burning altar of Makhleb.
   810 | D:2      | Became a worshipper of Makhleb the Destroyer
   872 | D:2      | Gained mutation: You have sharp toenails. [demonic ancestry]
   872 | D:2      | Reached XP level 3. HP: 24/24 MP: 4/6
  1093 | D:3      | Reached skill level 4 in Poison Magic
  1225 | D:3      | Killed from afar by an orc wizard

Skill      XL: |  1  2  3 |
---------------+----------+-----
Stealth        | 2 |  2.5
Dodging        | 2 |  2.2
Poison Magic   | 4 |  4.0
Spellcasting   | |  2.0
Conjurations   | |  1.0

Action                   || total
-------------------------++-------
Melee: Unarmed           ||    17
       Club              ||     9
       Dagger            ||    35
       Kick              ||     3
 Cast: Sting             ||    46
 Stab: Sleeping          ||     2
  Eat: Chunk             ||     2
Armor: Robe              ||    13
Dodge: Dodged            ||    50
